 Dungeon Crawl Stone Soup version 0.26.0-16-gc1dbca0489 (webtiles) character file.

Game seed: 3842833504938323679

1783 thiole the Skirmisher (level 8, 0/74 HPs)
             Began as a Minotaur Fighter on Jan 19, 2021.
             Was an Initiate of Trog.
             Slain by an adder (3 damage)
             ... on level 7 of the Dungeon.
             The game lasted 00:08:13 (5333 turns).

thiole the Skirmisher (Minotaur Fighter)            Turns: 5333, Time: 00:08:13

Health: 0/74       AC: 12    Str: 23    XL:     8   Next: 81%
Magic:  7/7        EV:  6    Int:  5    God:    Trog [......]
Gold:   389        SH: 11    Dex: 10    Spells: 7/7 levels left

rFire    . . .     SeeInvis .   q - +1 hand axe (vorpal)
rCold    . . .     Faith    .   c - +0 kite shield
rNeg     . . .     Spirit   .   h - +2 chain mail {rPois}
rPois    +         Reflect  .   (helmet restricted)
rElec    .         Harm     .   (no cloak)
rCorr    .         Rampage  .   (no gloves)
Will     .....                  (no boots)
Stlth    ..........             (no amulet)
HPRegen  0.22/turn              (no ring)
MPRegen  0.10/turn              (no ring)

@: no status effects
A: retaliatory headbutt, horns 2
a: Renounce Religion


You were on level 7 of the Dungeon.
You worshipped Trog.
Trog was noncommittal.
You visited 2 branches of the dungeon, and saw 8 of its levels.

You collected 389 gold pieces.

Inventory:

Hand Weapons
 a - a +0 war axe
 q - a +1 vorpal hand axe (weapon)
Armour
 b - a +0 scale mail
 c - a +0 kite shield (worn)
 h - a +2 chain mail of poison resistance (worn)
Jewellery
 g - an uncursed ring of magical power
 l - an uncursed amulet of magic regeneration {unknown}
 r - an uncursed amulet of magic regeneration {unknown}
 t - an uncursed ring of stealth {unknown}
Wands
 w - a wand of disintegration (12)
 y - a wand of polymorph (8)
Scrolls
 j - 5 scrolls of remove curse {unknown}
 k - 3 scrolls of magic mapping {unknown}
 n - a scroll of immolation {unknown}
 o - a scroll of blinking {unknown}
 p - 2 scrolls of teleportation {unknown}
 u - 2 scrolls of enchant weapon {unknown}
 v - 5 scrolls of identify
 x - 2 scrolls of enchant armour {unknown}
Potions
 d - 2 potions of might
 e - 2 potions of mutation {unknown}
 f - 2 potions of ambrosia {unknown}
 i - 2 potions of brilliance {unknown}
 m - 2 potions of berserk rage {unknown}
 s - 2 potions of curing {unknown}
 z - a potion of haste {unknown}


   Skills:
 + Level 7.7 Fighting
 + Level 7.1 Axes
 + Level 7.7 Armour
 + Level 7.7 Shields


You had 7 spell levels left.
You didn't know any spells.
Your spell library contained the following spells:

 Spells                   Type           Power        Failure   Level
 Beastly Appendage        Tmut           0%           100%        1
 Wereblood                Tmut           0%           100%        2
 Spider Form              Tmut/Pois      0%           100%        3
 Ice Form                 Ice/Tmut       0%           100%        4
 Blade Hands              Tmut           0%           100%        5


Dungeon Overview and Level Annotations

Branches:
Dungeon (7/15)             Temple (1/1) D:4

Altars:
Ashenzari
Cheibriados
Dithmenos
Fedhas
Gozag
Hepliaklqana
Kikubaaqudgha
Makhleb
Nemelex Xobeh
Okawaru
Qazlal
Ru
Sif Muna
Trog
Uskayaw
Vehumet
Wu Jian
Xom
The Shining One

Shops:
D:5 !


Innate Abilities, Weirdness & Mutations

You reflexively headbutt those who attack you in melee.
You have a pair of horns on your head.


Message History

You block Duvessa's attack.
You hit Duvessa. You headbutt Duvessa.
Duvessa is heavily wounded.
You block Duvessa's attack.
Your shield prevents you from hitting Duvessa.
You headbutt Duvessa.
Duvessa is severely wounded.
You block Duvessa's attack.
You hit Duvessa.
Duvessa is severely wounded.
You block Duvessa's attack.
You hit Duvessa but do no damage. You headbutt Duvessa.
Duvessa is almost dead.
Duvessa hits you with a +0 short sword.
* * * LOW HITPOINT WARNING * * *
You hit Duvessa. You headbutt Duvessa.
You kill Duvessa!
Trog accepts your kill.
You hear a distant wail of despair.
The adder bites you.
You die...

#........####'#.......
####.......##........##.
...........##...........
...........##...........
...........''...........
...........##...........
.........e))#.e.........
#.......†(.####S#+###..
#.......)..# #@.....#
......####### #........#
...... .......... ....#
........... ....
............ ...
............. ..
..............
.?............


You could see an adder.

Vanquished Creatures
  Menkaure (D:6)
  Duvessa (D:7)
  A sky beast (D:6)
  2 ice beasts
  3 ogres
  4 centaurs
  A scorpion (D:4)
  4 howler monkeys
  2 hounds
  A gnoll shaman (D:4)
  An orc priest (D:4)
  3 orc wizards
  2 iguanas
  5 worker ants
  Robin (D:2)
  4 gnolls (D:4)
  9 adders
  3 white imps
  2 oozes
  2 adder skeletons
  A worm (D:4)
  4 dart slugs
  5 leopard geckos
  18 orcs
  11 bats
  5 giant cockroaches
  14 goblins
  16 hobgoblins
  6 jackals
  9 kobolds
  2 quokkas
  2 ball pythons (D:4)
  4 frilled lizards
  A leopard gecko skeleton (D:7)
  8 rats
158 creatures vanquished.

Notes
Turn   | Place    | Note
-------+----------+-------------------------------------------
     0 | D:1      | thiole the Minotaur Fighter began the quest for the Orb.
     0 | D:1      | Reached XP level 1. HP: 19/19 MP: 0/0
    86 | D:1      | Reached XP level 2. HP: 27/27 MP: 1/1
   236 | D:1      | Reached XP level 3. HP: 29/33 MP: 2/2
   933 | D:2      | Found a faded altar of an unknown god.
  1112 | D:2      | Noticed Robin
  1115 | D:2      | Reached XP level 4. HP: 33/40 MP: 3/3
  1125 | D:2      | Killed Robin
  1555 | D:3      | You fall into a shaft and drop 1 floor!
  1571 | D:4      | Reached XP level 5. HP: 36/47 MP: 4/4
  1711 | D:4      | Found a staircase to the Ecumenical Temple.
  1736 | Temple   | Entered the Ecumenical Temple
  2015 | D:3      | Found a stormy altar of Qazlal.
  2197 | D:3      | Reached skill level 5 in Armour
  2197 | D:3      | Reached skill level 5 in Shields
  2251 | D:3      | Reached skill level 5 in Fighting
  2618 | D:4      | Reached XP level 6. HP: 50/56 MP: 5/5
  3306 | D:5      | Entered Level 5 of the Dungeon
  3322 | D:5      | Found a shimmering altar of Xom.
  3324 | D:5      | Found a shimmering altar of Xom.
  3325 | D:5      | Found a shimmering altar of Xom.
  3326 | D:5      | Found a shimmering altar of Xom.
  3344 | D:5      | Found a shimmering altar of Xom.
  3390 | D:5      | Found a shimmering altar of Xom.
  3390 | D:5      | Found a shimmering altar of Xom.
  3429 | D:5      | Reached skill level 5 in Axes
  3429 | D:5      | Reached XP level 7. HP: 61/62 MP: 6/6
  3478 | D:5      | Found an ornate altar of the Wu Jian Council.
  3567 | D:5      | Found Qiobeam's Distillery.
  4185 | D:6      | Reached XP level 8. HP: 50/71 MP: 7/7
  4492 | D:6      | Found a blossoming altar of Fedhas.
  4493 | D:6      | Found an ancient bone altar of Kikubaaqudgha.
  4501 | D:6      | Found a shimmering blue altar of Sif Muna.
  4501 | D:6      | Found a snail-covered altar of Cheibriados.
  4501 | D:6      | Noticed Menkaure
  4509 | D:6      | Killed Menkaure
  4556 | D:6      | Found an ornate altar of the Wu Jian Council.
  4557 | D:6      | Found an iron altar of Okawaru.
  4557 | D:6      | Found a broken altar of Ashenzari.
  4558 | D:6      | Found a glowing golden altar of the Shining One.
  4558 | D:6      | Found a bloodstained altar of Trog.
  4567 | D:6      | Became a worshipper of Trog the Wrathful
  5307 | D:7      | Noticed Duvessa
  5332 | D:7      | HP: 2/74 [Duvessa/+0 short sword (5)]
  5333 | D:7      | Killed Duvessa
  5333 | D:7      | Slain by an adder

Illustrated notes

Levels and vault maps discovered:
D:1:      dpeg_arrival_court, layout_basic, minivault_14, minmay_split_cup_large
D:2:      layout_rooms, chequers_ecumenical_altar_simple_redux,
          chequers_serial_rivers_small_b, uniq_robin
D:3:      layout_basic, st_stairs_1, nicolae_qazlal_general_emergency
D:4:      layout_cave_pools, minmay_temple_entry_drinking_statues, st_stairs_10,
          serial_park_tiny_2, minmay_misc_feat_alley, hangedman_minor_gate_pass
D:5:      layout_loops_ring, basic_altar, serial_shops, shop,
          nicolae_xom_altar_mimics
D:6:      kennysheep_spiral_hall, layout_cave_pods,
          grunt_temple_overflow_growth_and_decay, grunt_temple_overflow_open,
          uniq_menkaure
D:7:      layout_basic, serial_shops, shop_coins, st_stairs_8, uniq_duvessa,
          uniq_harold, uniq_maggie
Temple:   jpeg_temple_alley_garden

Skill      XL: |  1  2  3  4  5  6  7  8 |
---------------+-------------------------+-----
Fighting       | 4 5 6 7 |  7.7
Armour         | 4 5 6 7 |  7.7
Shields        | 4 5 6 7 |  7.7
Axes           | 3 4 5 6 7 |  7.1

Action                   |  1- 3 |  4- 6 |  7- 9 || total
-------------------------+-------+-------+-------++-------
Melee: War axe           |    79 |    46 |       ||   125
       Headbutt          |    10 |    27 |    23 ||    60
       Hand axe          |       |   131 |   112 ||   243
  Use: Scroll            |       |     2 |       ||     2
Armor: Scale mail        |    46 |    10 |       ||    56
       Chain mail        |       |   121 |    48 ||   169
Dodge: Dodged            |    24 |    47 |    19 ||    90
Block: Kite shield       |    50 |    92 |    62 ||   204
